TOP OF THE 1ST |
Wichita Wranglers batting - Pitching for West Virginia Power : LHP Ricardo Guichardo
|
Pitching: LHP Ricardo Guichardo
|
|
Batting: RHB Desi Thompson
|
0-0: Called Strike 0-1: Ball 1-1: Ball 2-1: Foul Ball, location: 2F 2-2: Ball 3-2: Strikes out swinging
|
Batting: LHB José Hernández
|
0-0: Foul Ball, location: 2F 0-1: Called Strike 0-2: Strikes out swinging
|
Batting: SHB Javier Peña
|
0-0: Called Strike 0-1: Ball 1-1: Ball 2-1: Called Strike 2-2: Ball 3-2: Ground out 2-3 (Groundball, 25)
|
Top of the 1st over - 0 run(s), 0 hit(s), 0 error(s), 0 left on base; Wichita 0 - West Virginia 0 |
BOTTOM OF THE 1ST |
West Virginia Power batting - Pitching for Wichita Wranglers : RHP Dae-ho Kim
|
Pitching: RHP Dae-ho Kim
|
|
Batting: RHB Pablo Sandoval
|
0-0: Called Strike 0-1: Ball 1-1: Swinging Strike 1-2: Hit by Pitch
|
Batting: RHB Dave McGrath
|
0-0: Ball Pablo Sandoval is caught stealing 2nd base 1-0: Called Strike 1-1: Ball 2-1: Ball 3-1: Base on Balls
|
Batting: RHB Roberto Tobías
|
0-0: Ball 1-0: Foul Ball, location: 2F 1-1: Fly out, F9 (Flyball, 9LM)
|
Batting: RHB Ben Dougherty
|
0-0: Ball Dave McGrath steals 2nd base 1-0: Foul Ball, location: 2F 1-1: Ground out 4-3 (Groundball, 4)
|
Bottom of the 1st over - 0 run(s), 0 hit(s), 0 error(s), 1 left on base; Wichita 0 - West Virginia 0 |
TOP OF THE 2ND |
Wichita Wranglers batting - Pitching for West Virginia Power : LHP Ricardo Guichardo
|
Batting: RHB Ed Watkins
|
0-0: Called Strike 0-1: Ball 1-1: Ball 2-1: Swinging Strike 2-2: Ball 3-2: Strikes out looking
|
Batting: LHB Alfredo Sánchez
|
0-0: Called Strike 0-1: Ball 1-1: Ball 2-1: Ball 3-1: Swinging Strike 3-2: Strikes out swinging
|
Batting: SHB Giancarlo Giannini
|
0-0: Called Strike 0-1: Foul Ball, location: 2F 0-2: Ball 1-2: Strikes out looking
|
Top of the 2nd over - 0 run(s), 0 hit(s), 0 error(s), 0 left on base; Wichita 0 - West Virginia 0 |
BOTTOM OF THE 2ND |
West Virginia Power batting - Pitching for Wichita Wranglers : RHP Dae-ho Kim
|
Batting: RHB Will Lott
|
0-0: Ball 1-0: Called Strike 1-1: SOLO HOME RUN (Line Drive, 78XD), Distance : 430 ft
|
Batting: LHB Héctor Soto
|
0-0: Called Strike 0-1: Ball 1-1: Ball 2-1: Ball 3-1: Foul Ball, location: 2F 3-2: Base on Balls
|
Batting: RHB Tony Parker
|
0-0: Called Strike 0-1: Ball 1-1: Foul Ball, location: 2F 1-2: Ball 2-2: SINGLE (Groundball, 56D) Héctor Soto to second
|
Batting: RHB Len Burke
|
0-0: Fly out, F3 (Line Drive, 3) 0-0: Fly out, F3 (Line Drive, 3)
|
Batting: LHB Júlio Martínez
|
0-0: Ball 1-0: Ball 2-0: Ball 3-0: Base on Balls Héctor Soto to third Tony Parker to second
|
Batting: RHB Pablo Sandoval
|
0-0: Ball 1-0: Foul Ball, location: 2F 1-1: Ball 2-1: Called Strike 2-2: Strikes out swinging
|
Batting: RHB Dave McGrath
|
0-0: Foul Ball, location: 2F 0-1: Ball 1-1: Ball 2-1: Ball 3-1: Base on Balls Héctor Soto scores Tony Parker to third Júlio Martínez to second
|
Batting: RHB Roberto Tobías
|
0-0: Ball 1-0: Swinging Strike 1-1: Ball 2-1: Foul Ball, location: 2F 2-2: SINGLE (Groundball, 3D) Tony Parker scores Júlio Martínez to third Dave McGrath to second Runner from 3rd tries for Home, SAFE, no throw or cutoff
|
Batting: RHB Ben Dougherty
|
0-0: Ball 1-0: Ball 2-0: Fly out, F6 (Line Drive, 6)
|
Bottom of the 2nd over - 4 run(s), 3 hit(s), 0 error(s), 2 left on base; Wichita 0 - West Virginia 4 |
TOP OF THE 3RD |
Wichita Wranglers batting - Pitching for West Virginia Power : LHP Ricardo Guichardo
|
Batting: RHB Dave Henderson
|
0-0: SINGLE (Line Drive, 8RS)
|
Batting: RHB James Stevens
|
0-0: Called Strike 0-1: Fly out, F9 (Flyball, 89M)
|
Batting: LHB Aurelio Torrez
|
0-0: Called Strike 0-1: Swinging Strike 0-2: Foul Ball, location: 2F 0-2: Ball 1-2: Ball 2-2: Ball 3-2: Ground out 5-3 (Groundball, 56S) Dave Henderson to second
|
Batting: RHB Desi Thompson
|
0-0: Swinging Strike 0-1: Ground out U3 (Groundball, 3L)
|
Top of the 3rd over - 0 run(s), 1 hit(s), 0 error(s), 1 left on base; Wichita 0 - West Virginia 4 |
BOTTOM OF THE 3RD |
West Virginia Power batting - Pitching for Wichita Wranglers : RHP Dae-ho Kim
|
Batting: RHB Will Lott
|
0-0: Ball 1-0: Ball 2-0: Ball 3-0: Base on Balls
|
Batting: LHB Héctor Soto
|
0-0: Swinging Strike 0-1: Swinging Strike 0-2: Foul Ball, location: 2F 0-2: Ball 1-2: Ball 2-2: Strikes out swinging
|
Batting: RHB Tony Parker
|
0-0: Ball 1-0: Called Strike 1-1: Foul Ball, location: 2F 1-2: Strikes out swinging
|
Batting: RHB Len Burke
|
0-0: Called Strike 0-1: Ball 1-1: Ball 2-1: Foul Ball, location: 2F 2-2: Strikes out swinging
|
Bottom of the 3rd over - 0 run(s), 0 hit(s), 0 error(s), 1 left on base; Wichita 0 - West Virginia 4 |
TOP OF THE 4TH |
Wichita Wranglers batting - Pitching for West Virginia Power : LHP Ricardo Guichardo
|
Batting: LHB José Hernández
|
0-0: Ball 1-0: Ball 2-0: Reached on error, E4 (Groundball, 4M)
|
Batting: SHB Javier Peña
|
0-0: Ball 1-0: Called Strike 1-1: Swinging Strike 1-2: Ball 2-2: Foul Ball, location: 2F 2-2: Strikes out swinging
|
Batting: RHB Ed Watkins
|
0-0: Called Strike 0-1: Ball 1-1: Ball 2-1: Ball 3-1: Fly out, F9 (Flyball, 89S)
|
Batting: LHB Alfredo Sánchez
|
0-0: Called Strike 0-1: SINGLE (Groundball, 6M) José Hernández to second
|
Batting: SHB Giancarlo Giannini
|
0-0: Ground out 5-3 (Groundball, 5L)
|
Top of the 4th over - 0 run(s), 1 hit(s), 1 error(s), 2 left on base; Wichita 0 - West Virginia 4 |
BOTTOM OF THE 4TH |
West Virginia Power batting - Pitching for Wichita Wranglers : RHP Dae-ho Kim
|
Batting: LHB Júlio Martínez
|
0-0: Called Strike 0-1: Foul Ball, location: 2F 0-2: Ground out 4-3 (Groundball, 4)
|
Batting: RHB Pablo Sandoval
|
0-0: Called Strike 0-1: SOLO HOME RUN (Flyball, 89XD), Distance : 428 ft
|
Batting: RHB Dave McGrath
|
0-0: Swinging Strike 0-1: Ball 1-1: Ball 2-1: Called Strike 2-2: Strikes out swinging
|
Batting: RHB Roberto Tobías
|
0-0: Ball 1-0: Ball 2-0: Called Strike 2-1: Foul Ball, location: 2F 2-2: Strikes out swinging
|
Bottom of the 4th over - 1 run(s), 1 hit(s), 0 error(s), 0 left on base; Wichita 0 - West Virginia 5 |
TOP OF THE 5TH |
Wichita Wranglers batting - Pitching for West Virginia Power : LHP Ricardo Guichardo
|
Batting: RHB Dave Henderson
|
0-0: Ball 1-0: Called Strike 1-1: Foul Ball, location: 2F 1-2: Strikes out swinging, 2-3 out at first.
|
Batting: RHB James Stevens
|
0-0: Ball 1-0: Foul Ball, location: 2F 1-1: Fly out, F7 (Flyball, 78M)
|
Batting: LHB Aurelio Torrez
|
0-0: Called Strike 0-1: Ball 1-1: Fly out, F8 (Flyball, 8LD)
|
Top of the 5th over - 0 run(s), 0 hit(s), 0 error(s), 0 left on base; Wichita 0 - West Virginia 5 |
BOTTOM OF THE 5TH |
West Virginia Power batting - Pitching for Wichita Wranglers : RHP Dae-ho Kim
|
Pitching: LHP Fred Villa
|
|
Batting: RHB Ben Dougherty
|
0-0: Ball 1-0: Ball 2-0: SINGLE (Groundball, 56)
|
Batting: RHB Will Lott
|
0-0: Ball Ben Dougherty is caught stealing 2nd base 1-0: DOUBLE (Flyball, 78XD)
|
Batting: LHB Héctor Soto
|
0-0: Ball 1-0: Called Strike 1-1: Called Strike 1-2: Strikes out swinging
|
Batting: RHB Tony Parker
|
0-0: Foul Ball, location: 2F 0-1: Ball 1-1: Ball 2-1: Foul Ball, location: 2F 2-2: Fly out, F7 (Flyball, 7S)
|
Bottom of the 5th over - 0 run(s), 2 hit(s), 0 error(s), 1 left on base; Wichita 0 - West Virginia 5 |
TOP OF THE 6TH |
Wichita Wranglers batting - Pitching for West Virginia Power : LHP Ricardo Guichardo
|
Batting: RHB Desi Thompson
|
0-0: Ball 1-0: Swinging Strike 1-1: SINGLE (Line Drive, 89M)
|
Batting: LHB José Hernández
|
0-0: Called Strike 0-1: Ball 1-1: Swinging Strike 1-2: Strikes out swinging
|
Batting: SHB Javier Peña
|
0-0: Called Strike Desi Thompson steals 2nd base 0-1: Foul Ball, location: 2F
|
|
|
|
0-2: Foul Ball, location: 2F 0-2: Ball 1-2: Strikes out swinging
|
Batting: RHB Ed Watkins
|
0-0: Ball 1-0: Foul Ball, location: 2F 1-1: Reached on error, E5 (Groundball, 56) Desi Thompson scores
|
Batting: LHB Alfredo Sánchez
|
0-0: Swinging Strike 0-1: Ball 1-1: Ball 2-1: Foul Ball, location: 2F 2-2: Strikes out swinging
|
Top of the 6th over - 1 run(s), 1 hit(s), 1 error(s), 1 left on base; Wichita 1 - West Virginia 5 |
BOTTOM OF THE 6TH |
West Virginia Power batting - Pitching for Wichita Wranglers : LHP Fred Villa
|
Batting: RHB Len Burke
|
0-0: Ground out U3 (Groundball, 3)
|
Batting: LHB Júlio Martínez
|
0-0: Ball 1-0: Ball 2-0: Ball 3-0: Called Strike 3-1: Base on Balls
|
Batting: RHB Pablo Sandoval
|
Pickoff Throw to First - Out! 0-0: Fly out, F7 (Flyball, 7S)
|
Bottom of the 6th over - 0 run(s), 0 hit(s), 0 error(s), 0 left on base; Wichita 1 - West Virginia 5 |
TOP OF THE 7TH |
Wichita Wranglers batting - Pitching for West Virginia Power : LHP Ricardo Guichardo
|
Pitching: LHP Edmond Summers
|
|
Batting: SHB Giancarlo Giannini
|
0-0: Called Strike 0-1: Called Strike 0-2: Ball 1-2: Foul Ball, location: 2F 1-2: Ball 2-2: Ball 3-2: Base on Balls
|
Batting: RHB Dave Henderson
|
0-0: Ball 1-0: Fly out, F8 (Flyball, 8LXD) Runner from 1st tags up, SAFE at 2nd
|
Batting: RHB James Stevens
|
0-0: Ball 1-0: Ball 2-0: Foul Ball, location: 2F 2-1: Ball 3-1: Foul Ball, location: 2F 3-2: Base on Balls
|
Batting: LHB Aurelio Torrez
|
0-0: Ball 1-0: Ball 2-0: Called Strike 2-1: Foul Ball, location: 2F 2-2: Fly out, F7 (Flyball, 7M)
|
Batting: RHB Desi Thompson
|
0-0: Called Strike 0-1: Ball 1-1: Foul Ball, location: 2F 1-2: Strikes out swinging
|
Top of the 7th over - 0 run(s), 0 hit(s), 0 error(s), 2 left on base; Wichita 1 - West Virginia 5 |
BOTTOM OF THE 7TH |
West Virginia Power batting - Pitching for Wichita Wranglers : LHP Fred Villa
|
Pitching: RHP Jon England
|
|
Batting: RHB Dave McGrath
|
0-0: Ball 1-0: Called Strike 1-1: SINGLE (Groundball, 6D)
|
Batting: RHB Roberto Tobías
|
0-0: Ball 1-0: Called Strike 1-1: DOUBLE (Flyball, 89XD) Dave McGrath to third
|
Batting: RHB Ben Dougherty
|
0-0: Ball 1-0: DOUBLE (Line Drive, 5L) Dave McGrath scores Roberto Tobías scores
|
Batting: RHB Will Lott
|
0-0: Ball 1-0: Fly out, F3 (Popup, 3S)
|
Pitching: LHP Jorge Ybarra
|
|
Batting: LHB Héctor Soto
|
0-0: Foul Ball, location: 2F 0-1: Ball 1-1: Foul Ball, location: 2F 1-2: Foul Ball, location: 2F 1-2: Ball 2-2: Strikes out swinging
|
Batting: RHB Tony Parker
|
0-0: TRIPLE (Line Drive, 8LS) Ben Dougherty scores
|
Batting: RHB Len Burke
|
0-0: Called Strike 0-1: Ball 1-1: Ball 2-1: Fly out, F7 (Line Drive, 7LM)
|
Bottom of the 7th over - 3 run(s), 4 hit(s), 0 error(s), 1 left on base; Wichita 1 - West Virginia 8 |
TOP OF THE 8TH |
Wichita Wranglers batting - Pitching for West Virginia Power : LHP Edmond Summers
|
Now at 3B: Ron Guillén
|
|
Batting: LHB José Hernández
|
0-0: Called Strike 0-1: Foul Ball, location: 2F 0-2: Ball 1-2: Strikes out swinging
|
Batting: SHB Javier Peña
|
0-0: Called Strike 0-1: Ball 1-1: Ball 2-1: Foul Ball, location: 2F 2-2: Reached on error, E6 (Groundball, 56)
|
Batting: RHB Ed Watkins
|
0-0: Called Strike 0-1: Foul Ball, location: 2F 0-2: Fly out, F7 (Flyball, 7D)
|
Batting: LHB Alfredo Sánchez
|
0-0: Ball 1-0: Ball 2-0: Ball 3-0: Called Strike 3-1: Base on Balls Javier Peña to second
|
Batting: SHB Giancarlo Giannini
|
0-0: Foul Ball, location: 2F 0-1: Called Strike 0-2: Ball 1-2: Foul Ball, location: 2F 1-2: Ball 2-2: Ball 3-2: Strikes out swinging
|
Top of the 8th over - 0 run(s), 0 hit(s), 1 error(s), 2 left on base; Wichita 1 - West Virginia 8 |
BOTTOM OF THE 8TH |
West Virginia Power batting - Pitching for Wichita Wranglers : LHP Jorge Ybarra
|
Batting: LHB Júlio Martínez
|
0-0: Called Strike 0-1: Foul Ball, location: 2F 0-2: Ball 1-2: Ball 2-2: Fly out, F4 (Popup, 4M)
|
Batting: RHB Pablo Sandoval
|
0-0: Ball 1-0: Foul Ball, location: 2F 1-1: Fly out, F4 (Flyball, 4D)
|
Batting: RHB Dave McGrath
|
0-0: Ball 1-0: Fly out, F9 (Flyball, 89M)
|
Bottom of the 8th over - 0 run(s), 0 hit(s), 0 error(s), 0 left on base; Wichita 1 - West Virginia 8 |
TOP OF THE 9TH |
Wichita Wranglers batting - Pitching for West Virginia Power : LHP Edmond Summers
|
Now in CF: Aaron Murray
|
|
Batting: RHB Dave Henderson
|
0-0: Called Strike 0-1: Ball 1-1: Foul Ball, location: 2F 1-2: Ball 2-2: Strikes out swinging
|
Pitching: RHP Brad Flores
|
|
Batting: RHB James Stevens
|
0-0: Ball 1-0: Ball 2-0: SOLO HOME RUN (Flyball, 78XD), Distance : 435 ft
|
Batting: LHB Aurelio Torrez
|
0-0: Called Strike 0-1: Ball 1-1: Ball 2-1: Fly out, F9 (Flyball, 9D)
|
Batting: RHB Desi Thompson
|
0-0: Called Strike 0-1: Ball 1-1: Ball 2-1: Ground out 5-3 (Groundball, 5S)
|
Top of the 9th over - 1 run(s), 1 hit(s), 0 error(s), 0 left on base; Wichita 2 - West Virginia 8 |
|
Monday, December 5th, 2016 - OOTP Baseball 17.12 Build 75
|
|